 Dungeon Crawl Stone Soup version 0.24-a0-535-gbb0d440 (webtiles) character file.

Game seed: 550288477905536775

8 Aydan the Skirmisher (level 2, 0/27 HPs)
             Began as a Hill Orc Fighter on Aug 10, 2019.
             Succumbed to an adder's poison
             ... on level 2 of the Dungeon.
             The game lasted 00:02:08 (608 turns).

Aydan the Skirmisher (Hill Orc Fighter)              Turns: 608, Time: 00:02:08

Health: 0/27       AC:  8    Str: 23    XL:     2   Next: 8%
Magic:  2/2        EV: 10    Int:  8    God:
Gold:   21         SH:  0    Dex: 10    Spells: 1/1 levels left

rFire    . . .     SeeInvis .   k - +0 battleaxe
rCold    . . .     Gourm    .   (shield currently unavailable)
rNeg     . . .     Faith    .   b - +0 scale mail
rPois    .         Spirit   .   (no helmet)
rElec    .         Reflect  .   (no cloak)
rCorr    .         Harm     .   m - +0 pair of gloves
MR       .....                  (no boots)
Stlth    ..........             (no amulet)
HPRegen  0.09/turn              (no ring)
MPRegen  0.08/turn              (no ring)

@: mighty, lethally poisoned (0 -> -5)
A: no striking features
a: no special abilities


You were on level 2 of the Dungeon.
You were not hungry.

You visited 1 branch of the dungeon, and saw 2 of its levels.

You collected 21 gold pieces.

Inventory:

Hand Weapons
 a - a +0 war axe
 k - a +0 battleaxe (weapon)
Armour
 b - a +0 scale mail (worn)
 c - a +0 shield
 m - a +0 pair of gloves (worn)
Scrolls
 e - a scroll of immolation {unknown}
 j - a scroll of noise {unknown}
 n - a scroll of teleportation {unknown}
 o - a scroll of remove curse {unknown}
Potions
 g - a potion of resistance {unknown}
 h - 2 potions of mutation {unknown}
 i - a potion of brilliance {unknown}
 l - a potion of heal wounds {unknown}
Comestibles
 f - 2 rations


   Skills:
 + Level 3.8 Fighting
 + Level 3.0 Axes
 + Level 3.4 Armour
 + Level 0.4 Dodging
 - Level 3.2 Shields


You had one spell level left.
You didn't know any spells.
Your spell library was empty.

Dungeon Overview and Level Annotations

Branches:
Dungeon (2/15)

Altars:


Message History

You feel sick. The adder misses you. The adder bites you but does no damage.
You barely miss the adder.
* * * LOW HITPOINT WARNING * * *
You feel sick. The adder closely misses you.
The adder bites you but does no damage.
You feel very mighty all of a sudden.
* * * LOW HITPOINT WARNING * * *
You feel sick. The adder bites you but does no damage.
You closely miss the adder.
* * * LOW HITPOINT WARNING * * *
You feel sick.
The adder bites you but does no damage. x2
You closely miss the adder.
* * * LOW HITPOINT WARNING * * *
You feel sick. The adder misses you. The adder closely misses you.
You closely miss the adder.
* * * LOW HITPOINT WARNING * * *
You feel sick. The adder misses you. The adder bites you but does no damage.
You barely miss the adder. The adder misses you. The adder barely misses you.
You barely miss the adder.
You die...

## #........# . +.
#....###.#### .. #.
####...#....# ... #b
#.....#......# ....
#.######.#.......#..#
.....#.#....#.######.....#
...!..[#.#(...#.......#.##
#.......S#..###.####..# #
#######.†@............#
#.#######...###.# #..
###.# .# ### #.# .# ... ..
#### ##


You could see an adder.

Vanquished Creatures
  A leopard gecko (D:1)
  A giant cockroach (D:1)
  A hobgoblin (D:1)
  A kobold (D:1)
  A bat (D:2)
  A frilled lizard (D:1)
  A rat (D:1)
7 creatures vanquished.

Notes
Turn   | Place    | Note
-------+----------+-------------------------------------------
     0 | D:1      | Aydan the Hill Orc Fighter began the quest for the Orb.
     0 | D:1      | Reached XP level 1. HP: 19/19 MP: 1/1
   410 | D:1      | Reached XP level 2. HP: 27/27 MP: 2/2
   606 | D:2      | HP: 1/27 [poisoned by an adder]
   608 | D:2      | Succumbed to an adder's poison

Levels and vault maps discovered:
D:1:      scummos_arrival_forest, layout_rooms
D:2:      layout_basic, minmay_stone_trees_medium, uniq_robin, uniq_jessica

Skill      XL: |  1  2 |
---------------+-------+-----
Axes           | 3 |  3.0
Fighting       | |  3.8
Armour         | |  3.4
Dodging        | |  0.4
Shields        | |  3.2

Action                   || total
-------------------------++-------
Melee: War axe           ||     9
       Battleaxe         ||    15
  Use: Potion            ||     1
Armor: Scale mail        ||    19
Dodge: Dodged            ||    18
Block: Shield            ||     2

Table legend:
 A = Non-vault XP
 B = Vault XP
 C = Vault XP percentage of total XP
 D = Non-vault monster count
 E = Vault monster count
 F = Vault count percentage of total count
                 A         B        C        D         E       F
            +---------+---------+-------+---------+---------+-------
      Total |      12 |       0 |   0.0 |       7 |       0 |   0.0
            +---------+---------+-------+---------+---------+-------
        D:1 |      11 |       0 |   0.0 |       6 |       0 |   0.0
        D:2 |       1 |       0 |   0.0 |       1 |       0 |   0.0
            +---------+---------+-------+---------+---------+-------
